 Dungeon Crawl Stone Soup version 0.28-a0-48-gfd831c5874 (webtiles) character file.

Game seed: 14370534424430210879

4 Spectrina the Sneak (level 1, -1/13 HPs)
             Began as a Deep Elf Delver on July 30, 2021.
             Slain by an adder (3 damage)
             ... on level 2 of the Dungeon.
             The game lasted 00:00:30 (56 turns).

Spectrina the Sneak (Deep Elf Delver)                 Turns: 56, Time: 00:00:30

Health: -1/13      AC:  3    Str:  9    XL:     1   Next: 58%
Magic:  5/5        EV: 12    Int: 14    God:
Gold:   10         SH:  0    Dex: 16    Spells: 3/3 levels left

rFire   . . .      SeeInvis .   a - +0 short sword
rCold   . . .      Faith    .   (no shield)
rNeg    . . .      Spirit   .   b - +0 leather armour
rPois   .          Reflect  .   (no helmet)
rElec   .          Harm     .   (no cloak)
rCorr   .          Rampage  .   (no gloves)
Will    .....                   (no boots)
Stlth   +++.......              (no amulet)
HPRegen 0.04/turn               (no ring)
MPRegen 0.09/turn               (no ring)

@: lethally poisoned (-1 -> -4)
A: no striking features
a: no special abilities


You were on level 2 of the Dungeon.
You visited 1 branch of the dungeon, and saw 4 of its levels.

You collected 10 gold pieces.

Inventory:

Hand Weapons
 a - a +0 short sword (weapon)
Missiles
 h - 10 stones (quivered)
Armour
 b - a +0 leather armour (worn)
Wands
 g - a wand of digging (3)
Scrolls
 c - a scroll of fog
 d - a scroll of magic mapping
 e - a scroll of fear
Potions
 f - a potion of haste


   Skills:
 - Level 2.4 Fighting
 - Level 2.0 Short Blades
 - Level 2.4 Dodging
 - Level 6.0 Stealth
 + Level 1.6 Spellcasting


You had 3 spell levels left.
You didn't know any spells.
Your spell library contained the following spells:

 Spells                   Type           Power      Damage    Failure   Level
 Animate Skeleton         Necr           2%         N/A       34%         1
 Apportation              Tloc           2%         N/A       34%         1
 Corona                   Hex            1%         N/A       34%         1
 Summon Small Mammal      Summ           4%         N/A       34%         1


Dungeon Overview and Level Annotations

Branches:
Dungeon (5/15)
 Temple: D:4-7

Altars:

Annotations:
D:4 Ijyb


Message History

Found a stone staircase leading up.
There is an open door here.
There is a stone staircase leading up here.
You climb upwards.
A worm comes into view.
Found 10 gold pieces.
Found a stone staircase leading up.
There is a stone staircase leading down here.
The helpless worm fails to defend itself.
You impale the worm!!
You kill the worm!
Your Spellcasting skill increases to level 1!
You now have 10 gold pieces.
There is a stone staircase leading up here.
You climb upwards.
There is a stone staircase leading down here.
Unknown command.
An adder comes into view.
The adder hisses angrily.
The adder closely misses you.
You completely miss the adder. The adder barely misses you.
You hit the adder.
The adder is lightly wounded.
The adder bites you.
You are poisoned.
The adder poisons you!
You barely miss the adder.
The adder is lightly wounded.
You feel sick. The adder closely misses you. The adder barely misses you.
You completely miss the adder.
The adder is lightly wounded.
You feel sick. The adder bites you.
You hit the adder but do no damage.
The adder is lightly wounded.
You feel sick. The adder bites you.
* * * LOW HITPOINT WARNING * * *
Okay, then.
Okay, then.
* * * LOW HITPOINT WARNING * * *
You feel sick. The adder bites you.
You die...

.. ... ..
...#.# ....#
....# # ...#
#.#######..#
#....S.....#
###..@..#..#
#.....#.>#
#.....#.##
#######.#
#.# #.# #.#
... #.


You could see an adder.

Vanquished Creatures
  A worm (D:3)
  A giant cockroach (D:4)
2 creatures vanquished.

Notes
Turn   | Place    | Note
-------+----------+-------------------------------------------
     0 | D:5      | Spectrina the Deep Elf Delver began the quest for the Orb.
     0 | D:5      | Reached XP level 1. HP: 13/13 MP: 3/3
    18 | D:4      | Noticed Ijyb
    39 | D:3      | Reached skill level 1 in Spellcasting
    56 | D:2      | Slain by an adder

Illustrated notes

Levels and vault maps discovered:
D:2:      layout_basic, basic_altar
D:3:      layout_rooms, pdpol_wu_jian_five_deadly_venoms, serial_shops,
          nicolae_square_shop, hex_large, uniq_sigmund
D:4:      layout_gridville, mainiacjoe_overflow_brackets, minmay_hedge_maze,
          uniq_eustachio, uniq_ijyb, uniq_grinder
D:5:      layout_rooms, nicolae_uskayaw_murder_on_the_dancefloor

Skill      XL: |  1 |
---------------+----+-----
Spellcasting   | 1 |  1.6
Fighting       | |  2.4
Short Blades   | |  2.0
Dodging        | |  2.4
Stealth        | |  6.0

Action                   || total
-------------------------++-------
Melee: Short sword       ||    14
 Stab: Sleeping          ||     1
Armor: Leather armour    ||     4
Dodge: Dodged            ||     8

Table legend: (Time is in decaauts)
 A = Elapsed time spent in this place.
 B = Non-inter-level travel time spent in this place.
 C = Inter-level travel time spent in this place.
 D = Time resting spent in this place.
 E = Time spent auto-exploring this place.
 F = Levels seen in this place.
 G = Mean time per level.
                   A        B        C        D        E       F      G
               +--------+--------+--------+--------+--------+-----+--------+
         Total |     55 |     55 |      0 |      0 |      0 |   4 |   13.8 |
       Dungeon |     55 |     55 |      0 |      0 |      0 |   4 |   13.8 |
               +--------+--------+--------+--------+--------+-----+--------+

Top non-repeatable levels by time:
     D:4: 18 daAuts
     D:5: 17 daAuts
     D:3: 9 daAuts
     D:2: 9 daAuts
